 Dungeon Crawl Stone Soup version 0.18-a0-1300-g6e8322c (webtiles) character file.

205 Oddball22 the Insei (level 5, -1/27 HPs)
             Began as a Vine Stalker Transmuter on Feb 12, 2016.
             Slain by a river rat (4 damage)
             ... on level 3 of the Dungeon.
             The game lasted 00:08:05 (2458 turns).

Oddball22 the Insei (Vine Stalker Transmuter)       Turns: 2458, Time: 00:08:05

Health: -1/27      AC:  5    Str: 13    XL:     5   Next: 83%
Magic:  0/9        EV: 13    Int: 13    God:
Gold:   106        SH:  0    Dex: 15    Spells: 3 memorised, 2 levels left

rFire  . . .     SeeInvis .       - Unarmed
rCold  . . .     Gourm    .     b - +0 robe
rNeg   . . .     Faith    .     (no shield)
rPois  .         Spirit   +     (no helmet)
rElec  .         Dismiss  .     (no cloak)
rCorr  .         Reflect  .     p - +2 pair of gloves
SustAt .         Harm     .     (no boots)
MR     .....                    (no amulet)
Stlth  +.........               (no ring)
                                (no ring)

@: not resistant to hostile enchantments, very unstealthy
A: fangs 2, regeneration 1, magic shield, antimagic bite, no device heal 3, rot
immunity
a: no special abilities


You were on level 3 of the Dungeon.
You were not hungry.

You visited 1 branch of the dungeon, and saw 3 of its levels.

You collected 106 gold pieces.

Inventory:

Hand Weapons
 s - a +1 whip of electrocution
Missiles
 a - 74 arrows
 o - 43 bolts
 w - 20 poisoned arrows
Armour
 b - a +0 robe (worn)
 p - a +2 pair of gloves (worn)
Wands
 x - a wand of flame (13/48)
 y - a wand of hasting (2/9)
Scrolls
 e - 4 scrolls of identify {unknown}
 i - a scroll of fear {unknown}
 k - a scroll of amnesia {unknown}
 l - a scroll of magic mapping {unknown}
 m - a scroll of recharging {unknown}
 n - 2 scrolls of remove curse {unknown}
 q - 2 scrolls of teleportation {unknown}
 u - 2 scrolls of immolation {unknown}
Potions
 t - a potion of degeneration {unknown}
 v - 2 potions of resistance {unknown}
Books
 c - a book of Changes

   Spells                             Type                      Level
   a - Beastly Appendage              Transmutation                1
   b - Sticks to Snakes               Transmutation                2
   c - Spider Form                    Transmutation/Poison         3
   d - Ice Form                       Ice/Transmutation            4
   e - Blade Hands                    Transmutation                5
Comestibles
 d - 2 bread rations
 f - 2 beef jerkies
 g - 2 slices of pizza
 h - 3 chunks of flesh
 j - a meat ration
 r - 2 fruits


   Skills:
 + Level 2.6 Fighting
 + Level 2.8 Dodging
 * Level 4.7 Unarmed Combat
 - Level 2.1 Spellcasting
 - Level 2.0 Transmutations


You had 2 spell levels left.
You knew the following spells:

 Your Spells              Type           Power        Failure   Level  Hunger
a - Beastly Appendage     Trmt           #.....       12%         1    ##.....
b - Sticks to Snakes      Trmt           #.......     17%         2    ###....
c - Spider Form           Trmt/Pois      #.........   52%         3    ####...


Dungeon Overview and Level Annotations

Branches:
Dungeon (3/15)

Altars:
Vehumet


Innate Abilities, Weirdness & Mutations

You have extremely sharp teeth.
Your natural rate of healing is unusually fast.
When hurt, damage is shared between your health and your magic reserves.
Your bite disrupts and absorbs the magic of your enemies.
Potions and wands cannot restore your health.
You are immune to rotting.


Message History

* * * LOW HITPOINT WARNING * * *
The orc wizard hits you with a dagger.
* * * LOW HITPOINT WARNING * * *
You completely miss the orc wizard.
The orc wizard is heavily wounded.
The river rat barely misses you.
The orc wizard hits you but does no damage.
You hit the orc wizard.
The orc wizard is almost dead.
The river rat closely misses you.
The orc wizard hits you but does no damage.
You hit the orc wizard.
You kill the orc wizard!
The river rat bites you.
* * * LOW HITPOINT WARNING * * *
You hit the river rat but do no damage. The river rat misses you.
You hit the river rat.
The river rat is heavily wounded.
The river rat bites you.
You die...

####.# #.#
#.# #.# #.#
#.# #.#
#.#####
#.[r@.#
#.###)# ...r
.# #o....S
.#
#...≈≈≈.≈#
....oS≈≈≈≈#
###..oo'####
#.Ss≈#r


You could see a river rat.

Vanquished Creatures
  An orc wizard (D:3)
  Robin (D:3)
  3 gnolls (D:2)
  An adder (D:3)
  An ooze (D:1)
  3 worms (D:2)
  2 giant geckos
  7 orcs (D:3)
  3 ball pythons (D:3)
  8 giant cockroaches
  13 goblins
  12 hobgoblins
  11 jackals
  9 kobolds
  2 quokkas (D:3)
  7 bats
  A giant newt (D:1)
  11 rats
96 creatures vanquished.

Notes
Turn   | Place    | Note
--------------------------------------------------------------
     0 | D:1      | Oddball22 the Vine Stalker Transmuter began the quest for the Orb.
     0 | D:1      | Reached XP level 1. HP: 9/9 MP: 4/4
    49 | D:1      | Reached skill level 1 in Fighting
   106 | D:1      | Reached XP level 2. HP: 9/14 MP: 4/6
   448 | D:1      | Reached XP level 3. HP: 6/18 MP: 3/7
   969 | D:2      | Learned a level 2 spell: Sticks to Snakes
   973 | D:2      | Learned a level 3 spell: Spider Form
  1258 | D:2      | Reached XP level 4. HP: 17/23 MP: 3/8
  1265 | D:2      | Reached skill level 4 in Unarmed Combat
  1949 | D:3      | Reached XP level 5. HP: 26/26 MP: 9/9
  2013 | D:3      | Found a radiant altar of Vehumet.
  2110 | D:3      | Noticed Robin
  2138 | D:3      | Killed Robin
  2458 | D:3      | Slain by a river rat

Vault maps used:
D:1:      denvon_arrival_planthouse, minmay_cupped
D:3:      lemuel_coloured_pillars_altar, portal_sewer_entry_e,
          vehumet_altar_wand_db, uniq_robin

Action                   |  1- 3 |  4- 6 || total
-------------------------+-------+-------++-------
Melee: Unarmed           |   155 |   162 ||   317
 Cast: Beastly Appendage |     2 |    14 ||    16
       Spider Form       |     1 |       ||     1
 Stab: Sleeping          |     1 |     2 ||     3
  Eat: Chunk             |     1 |     5 ||     6
